 Dungeon Crawl Stone Soup version 0.23.1-41-g7e51ed3 (webtiles) character file.

Game seed: 12914953944377103196

112 sagitran the Skirmisher (level 5, 0/41 HPs)
             Began as a Human Wanderer on Mar 29, 2019.
             Succumbed to an adder's poison
             ... on level 3 of the Dungeon.
             The game lasted 00:12:38 (1846 turns).

sagitran the Skirmisher (Human Wanderer)            Turns: 1846, Time: 00:12:39

Health: 0/41       AC:  9    Str: 12    XL:     5   Next: 16%
Magic:  6/6        EV:  9    Int: 10    God:
Gold:   206        SH:  0    Dex: 16    Spells: 6/6 levels left

rFire    . . .     SeeInvis .   a - +1 spear
rCold    . . .     Gourm    .   (no shield)
rNeg     . . .     Faith    .   c - +3 scale mail
rPois    .         Spirit   .   (no helmet)
rElec    .         Reflect  .   (no cloak)
rCorr    .         Harm     .   (no gloves)
MR       .....                  (no boots)
Stlth    ..........             (no amulet)
HPRegen  0.13/turn              (no ring)
MPRegen  0.10/turn              (no ring)

@: lethally poisoned (0 -> -1)
A: no striking features
a: no special abilities


You were on level 3 of the Dungeon.
You were not hungry.

You visited 1 branch of the dungeon, and saw 4 of its levels.

You collected 206 gold pieces.

Inventory:

Hand Weapons
 a - a +1 spear (weapon)
 i - a +0 dagger
Missiles
 o - a javelin (quivered)
Armour
 c - a +3 scale mail (worn)
Wands
 p - a wand of clouds (5)
Scrolls
 b - 3 scrolls of teleportation
 f - 2 scrolls of amnesia
 h - a scroll of identify
 j - 3 scrolls of remove curse
 k - a scroll of noise {unknown}
Comestibles
 d - 5 rations


   Skills:
 + Level 3.5 Fighting
 + Level 2.1 Polearms
 + Level 0.7 Throwing
 + Level 2.7 Armour
 + Level 2.0 Dodging
 + Level 1.0 Stealth
 + Level 1.0 Spellcasting
   Level 1.0 Summonings
   Level 1.0 Air Magic
 + Level 1.0 Evocations


You had 6 spell levels left.
You didn't know any spells.
Your spell library was empty.

Dungeon Overview and Level Annotations

Branches:
Dungeon (4/15)
 Temple: D:4-7

Altars:
Okawaru
Trog

Annotations:
D:2 Sigmund


Message History

Your magical effects are unravelling.
You feel magically purged.
You feel yourself slow down.
* * * LOW HITPOINT WARNING * * *
You feel sick.
You aren't carrying any potions.
As you read the scroll labeled ULIGAA CEHANYC, it crumbles to dust.
It is a scroll of enchant armour.
Your +2 scale mail glows green for a moment.
Okay, then.
As you read the scroll labeled JOPLUS WUUBLE, it crumbles to dust.
It is a scroll of amnesia.
You feel forgetful for a moment.
As you read the scroll labeled ULOATU LAOTAUN, it crumbles to dust.
It is a scroll of enchant weapon.
Your +0 spear glows red for a moment.
As you read the scroll labeled TOGYKL OPHI, it crumbles to dust.
It is a scroll of identify.
j - 3 scrolls of remove curse You die...

########## #........#
#### #........#
##...### ###
#........# #......#
..# #........# #....#
..# #........###@...#
..###...............#
..............†..####
.......###.#.....#
...................
##....<#####.....###
#.....# #.....#
#.....# ###+###
#.....#


There were no monsters in sight!

Vanquished Creatures
  Terence (D:1)
  3 adders
  An ooze (D:3)
  4 dart slugs
  3 leopard geckos
  5 bats
  A giant cockroach (D:2)
  4 hobgoblins
  2 jackals (D:1)
  3 kobolds
  A quokka (D:2)
  2 ball pythons
  3 frilled lizards
  7 goblins
  8 rats
48 creatures vanquished.

Notes
Turn   | Place    | Note
-------+----------+-------------------------------------------
     0 | D:1      | sagitran the Human Wanderer began the quest for the Orb.
     0 | D:1      | sagitran set off with the following items: a +0 spear, a
                  | scroll of teleportation, a +2 scale mail, a ration
     0 | D:1      | Reached XP level 1. HP: 18/18 MP: 2/2
    70 | D:1      | Reached XP level 2. HP: 19/24 MP: 3/3
   225 | D:1      | Reached skill level 1 in Polearms
   400 | D:1      | Reached XP level 3. HP: 22/29 MP: 4/4
   822 | D:2      | Found a bloodstained altar of Trog.
   840 | D:2      | Noticed Sigmund
   977 | D:2      | Reached XP level 4. HP: 33/35 MP: 5/5
  1035 | D:2      | Reached skill level 1 in Dodging
  1408 | D:3      | Found an iron altar of Okawaru.
  1482 | D:2      | Noticed Terence
  1532 | D:1      | Killed Terence
  1532 | D:1      | Reached XP level 5. HP: 9/41 MP: 6/6
  1828 | D:3      | HP: 3/61 [poisoned by an adder]
  1834 | D:3      | HP: 3/61 [poisoned by an adder]
  1838 | D:3      | HP: 1/41 [poisoned by an adder]
  1846 | D:3      | Succumbed to an adder's poison

Skill      XL: |  1  2  3  4 |
---------------+-------------+-----
Polearms       | 1 2 |  2.1
Dodging        | 2 |  2.0
Fighting       | |  3.5
Throwing       | |  0.7
Armour         | |  2.7
Stealth        | |  1.0
Spellcasting   | |  1.0
Summonings     | |  1.0
Air Magic      | |  1.0
Evocations     | |  1.0

Action                   |  1- 3 |  4- 6 || total
-------------------------+-------+-------++-------
Melee: Spear             |   140 |   101 ||   241
Throw: Javelin           |       |     7 ||     7
  Use: Potion            |       |     5 ||     5
       Scroll            |       |     4 ||     4
  Eat: Ration            |       |     1 ||     1
Armor: Scale mail        |    71 |    47 ||   118
Dodge: Dodged            |    44 |    56 ||   100
